 Dungeon Crawl Stone Soup version 0.24.0-13-gcf9b319 (webtiles) character file.

Game seed: 15127269763265893698, levelgen mode: deterministic

85 Captinkiss the Firebug (level 4, 0/24 HPs)
             Began as a Deep Elf Fire Elementalist on Feb 20, 2020.
             Slain by an orc
             ... wielding a +0 morningstar
              (5 damage)
             ... on level 4 of the Dungeon.
             The game lasted 00:01:55 (2105 turns).

Captinkiss the Firebug (Deep Elf Fire Elementalist) Turns: 2105, Time: 00:01:56

Health: 0/24       AC:  2    Str:  5    XL:     4   Next: 25%
Magic:  7/10       EV: 14    Int: 21    God:
Gold:   83         SH:  0    Dex: 15    Spells: 8/9 levels left

rFire    + . .     SeeInvis .   j - +2 dagger (speed)
rCold    . . .     Gourm    .   (no shield)
rNeg     . . .     Faith    .   a - +0 robe
rPois    .         Spirit   .   (no helmet)
rElec    .         Reflect  .   (no cloak)
rCorr    .         Harm     .   (no gloves)
MR       .....                  (no boots)
Stlth    ++........             (no amulet)
HPRegen  0.08/turn              n - ring of protection from fire
MPRegen  0.12/turn              (no ring)

@: no status effects
A: no striking features
a: no special abilities


You were on level 4 of the Dungeon.
You were very hungry.

You visited 1 branch of the dungeon, and saw 4 of its levels.

You collected 83 gold pieces.

Inventory:

Hand Weapons
 j - a +2 dagger of speed (weapon)
Armour
 a - a +0 robe (worn)
Jewellery
 n - a ring of protection from fire (left hand)
Scrolls
 b - 2 scrolls of immolation {unknown}
 f - 2 scrolls of teleportation {unknown}
 g - 3 scrolls of identify {unknown}
 h - a scroll of fear {unknown}
 k - a scroll of fog {unknown}
 o - a scroll of random uselessness {unknown}
 p - a scroll of remove curse {unknown}
Potions
 d - 3 potions of mutation {unknown}
 e - a potion of might {unknown}
 i - 2 potions of curing {unknown}
 l - a potion of brilliance {unknown}
 m - a potion of resistance {unknown}
Comestibles
 c - 8 rations


   Skills:
 + Level 3.7 Dodging
 - Level 2.4 Stealth
 - Level 3.0 Spellcasting
 - Level 1.1 Conjurations
 * Level 5.0 Fire Magic


You had 8 spell levels left.
You knew the following spells:

 Your Spells              Type           Power        Failure   Level  Hunger
a - Flame Tongue          Conj/Fire      ###..        3%          1    None

Your spell library contained the following spells:

 Spells                   Type           Power        Failure   Level  Hunger
 Throw Flame              Conj/Fire      ###...       6%          2    ##.....
 Conjure Flame            Conj/Fire      ###.....     12%         3    ###....
 Inner Flame              Hex/Fire       ##......     14%         3    ###....
 Sticky Flame             Conj/Fire      ###.....     36%         4    ####...
 Fireball                 Conj/Fire      ###.......   71%         5    ######.


Dungeon Overview and Level Annotations

Branches:
Dungeon (4/15)
 Temple: D:4-7

Altars:


Message History

The flame tongue hits the orc.
The orc is moderately wounded.
The orc misses you. The orc hits you with a +0 morningstar!
The orc wizard gestures at you while chanting.
The puff of flame hits you. You resist.
* * * LOW HITPOINT WARNING * * *
You climb downwards.
There is a stone staircase leading up here.
Casting: Flame Tongue (safe; 3% risk of failure)
Confirm with . or Enter, or press ? or * to list all spells.
Aiming: Flame Tongue (safe; 3% risk of failure)
Press: ? - help, Shift-Dir - straight line, f - orc
Aim: an orc, wielding a +0 morningstar and wearing a +0 chain mail (moderately wounded)
The flame tongue hits the orc.
The orc is heavily wounded.
The orc wizard hits you with a cursed -3 dagger.
* * * LOW HITPOINT WARNING * * *
The orc hits you with a +0 morningstar.
You die...

#########
#.o.....#
+..@....#
#..o....#
#.......#
#.......#
#########


You could see an orc wizard and an orc.

Vanquished Creatures
  2 oozes (D:2)
  A dart slug (D:1)
  3 leopard geckos
  2 orcs
  A ball python (D:1)
  4 giant cockroaches
  8 goblins
  10 hobgoblins
  7 jackals
  10 bats
  7 frilled lizards
  5 kobolds
  7 rats
67 creatures vanquished.

Notes
Turn   | Place    | Note
-------+----------+-------------------------------------------
     0 | D:1      | Captinkiss the Deep Elf Fire Elementalist began the quest
                  | for the Orb.
     0 | D:1      | Reached XP level 1. HP: 10/10 MP: 6/6
   217 | D:1      | Reached XP level 2. HP: 14/15 MP: 5/8
   358 | D:1      | Reached skill level 4 in Fire Magic
   665 | D:1      | Reached XP level 3. HP: 13/19 MP: 6/9
  1600 | D:2      | Reached XP level 4. HP: 24/24 MP: 7/10
  1745 | D:3      | Reached skill level 5 in Fire Magic
  1812 | D:3      | HP: 1/24 [orc/+0 morningstar (9)]
  2105 | D:4      | Slain by an orc

Levels and vault maps discovered:
D:1:      dpeg_arrival_chambers_temple_mockup, layout_basic
D:2:      layout_basic, kennysheep_generic_room_15
D:3:      layout_basic, marbit_many_paths
D:4:      layout_basic, kennysheep_little_box, led_xom_imps, temple_fountains,
          serial_glass, glass_columns_a, glass_columns_b, uniq_menkaure

Skill      XL: |  1  2  3  4 |
---------------+-------------+-----
Dodging        | 3 |  3.7
Fire Magic     | 4 5 |  5.0
Stealth        | |  2.4
Spellcasting   | |  3.0
Conjurations   | |  1.1

Action                   |  1- 3 |  4- 6 || total
-------------------------+-------+-------++-------
Melee: Unarmed           |    26 |       ||    26
       Dagger            |     4 |    14 ||    18
 Cast: Flame Tongue      |    82 |    25 ||   107
 Stab: Sleeping          |     1 |       ||     1
  Eat: Chunk             |     1 |     1 ||     2
Armor: Robe              |    17 |     1 ||    18
Dodge: Dodged            |    72 |    20 ||    92
